 Dungeon Crawl Stone Soup version 0.29-a0-1033-gb6c65ffae6 (webtiles) character file.

Game seed: 4452974072490201155

298 xian the Conjurer (level 6, -3/40 HPs)
             Began as a Draconian Conjurer on Aug 15, 2022.
             Was a Follower of Hepliaklqana.
             Slain by a kobold brigand
             ... wielding a +1 dagger of speed
              (8 damage)
             ... on level 3 of the Dungeon.
             The game lasted 00:07:29 (3232 turns).

xian the Conjurer (Draconian Conjurer)              Turns: 3232, Time: 00:07:30

Health: -3/40      AC:  7    Str:  9    XL:     6   Next: 13%
Magic:  8/11       EV: 12    Int: 20    God:    Hepliaklqana [*.....]
Gold:   145        SH:  0    Dex: 10    Spells: 8/11 levels left

rFire   x . .      SeeInvis .   n - +3 quarterstaff (chaos)
rCold   + . .      Faith    .   (shield currently unavailable)
rNeg    . . .      Spirit   .   (body armour unavailable)
rPois   .          Reflect  .   (helmet restricted)
rElec   .          Harm     .   i - +0 cloak
rCorr   .          Rampage  .   (no gloves)
Will    .....                   (no boots)
Stlth   ++........              (no amulet)
HPRegen 0.13/turn               j - ring of ice
MPRegen 0.12/turn               (no ring)

@: no status effects
A: reduced essence, AC +6, unfitting armour, cold-blooded
a: Renounce Religion, Recall Ancestor, Ancestor Identity


You were on level 3 of the Dungeon.
You worshipped Hepliaklqana.
Hepliaklqana was aware of your devotion.
You visited 1 branch of the dungeon, and saw 3 of its levels.

You collected 145 gold pieces.

Inventory:

Hand Weapons
 m - a +0 short sword of speed
 n - a +3 quarterstaff of chaos (weapon)
Missiles
 c - 6 poisoned darts
Armour
 i - a +0 cloak (worn)
 o - the +4 Cigotuvi's embrace {rMiasma Drain rN+}
   (You found it on level 3 of the Dungeon)

   It gathers nearby corpses to temporarily increase the armour it provides.
   It protects you from foul pestilence.
   rN:        It protects you from negative energy.
   Drain:     It drains your maximum health when unequipped.
Jewellery
 j - a ring of ice (left hand)
Wands
 r - a wand of flame (10)
Scrolls
 b - 2 scrolls of blinking {unknown}
 d - 4 scrolls of magic mapping {unknown}
 e - 2 scrolls of fear {unknown}
 f - 2 scrolls of silence {unknown}
 g - 2 scrolls of summoning {unknown}
 h - a scroll of poison {unknown}
 k - a scroll of acquirement {unknown}
 q - a scroll of butterflies {unknown}
Potions
 a - 2 potions of magic
 l - a potion of curing {unknown}
 p - a potion of flight {unknown}


   Skills:
 + Level 0.3 Short Blades
 + Level 2.1 Dodging
 + Level 2.5 Stealth
 + Level 3.3 Spellcasting
 + Level 6.3 Conjurations


You had 8 spell levels left.
You knew the following spells:

 Your Spells              Type           Power      Damage    Failure   Level
a - Magic Dart            Conj           100%       1d8       1%          1
b - Searing Ray           Conj           56%        2d6       1%          2

Your spell library contained the following spells:

 Spells                   Type           Power      Damage    Failure   Level
 Dazzling Flash           Conj/Hex       30%        N/A       12%         3
 Ensorcelled Hibernation  Hex/Ice        10%        N/A       21%         2
 Passwall                 Tmut/Erth      2%         N/A       21%         2
 Fulminant Prism          Conj/Hex       7%         3d7       36%         4
 Iskenderun's Mystic Bla  Conj/Tloc      15%        2d5       36%         4
 Spider Form              Tmut/Pois      3%         N/A       38%         3
 Swiftness                Air            3%         N/A       38%         3
 Anguish                  Hex/Necr       1%         N/A       80%         4


Dungeon Overview and Level Annotations

Branches:
Dungeon (3/15)

Altars:
Hepliaklqana
Okawaru
Trog


Innate Abilities, Weirdness & Mutations

Your life essence is reduced to manifest your ancestor. (-10% HP)
Your plain brown scales are hard. (AC +6)
You cannot fit into any form of body armour.
You are cold-blooded and may be slowed by cold attacks.


Message History

a +0 club; a +0 club The kobold brigand hits you with a +1 dagger of speed.
The kobold brigand closely misses you.
You thump the kobold brigand!
The kobold brigand goes berserk!
The kobold brigand is moderately wounded.
The kobold brigand hits you with a +1 dagger of speed!
Ida B Wells hits the kobold brigand but does no damage.
The kobold brigand hits you with a +1 dagger of speed!
The kobold brigand closely misses you.
You barely miss the kobold brigand.
The kobold brigand is moderately wounded.
The kobold brigand closely misses you.
Ida B Wells hits the kobold brigand.
The kobold brigand hits you with a +1 dagger of speed.
Ida B Wells hits the kobold brigand but does no damage.
The kobold brigand hits you with a +1 dagger of speed!
* * * LOW HITPOINT WARNING * * *
The kobold brigand attacks as you move away!
The kobold brigand closely misses you.
The kobold brigand hits Ida B Wells with a +1 dagger of speed!
Ida B Wells hits the kobold brigand but does no damage.
The kobold brigand hits Ida B Wells with a +1 dagger of speed!
The kobold brigand hits Ida B Wells with a +1 dagger of speed.
Ida B Wells is destroyed!
Casting: Magic Dart (safe; 1% risk of failure)
Confirm with . or Enter, or press ? or * to list all spells.
Aiming: Searing Ray (safe; 1% risk of failure)
Press: ? - help, Shift-Dir - straight line, f - kobold brigand
Aim: a kobold brigand, wielding a +1 dagger of speed and quivering poisoned darts (moderately wounded, berserk, 74% to hit)
Okay, then.
Casting: Searing Ray (safe; 1% risk of failure)
Confirm with . or Enter, or press ? or * to list all spells.
Aiming: Searing Ray (safe; 1% risk of failure)
Press: ? - help, Shift-Dir - straight line, f - kobold brigand
Aim: a kobold brigand, wielding a +1 dagger of speed and quivering poisoned darts (moderately wounded, berserk, 74% to hit)
The searing ray hits the kobold brigand!
The kobold brigand is severely wounded. (Press . to maintain the ray.)
The searing ray misses the kobold brigand.
The kobold brigand hits you with a +1 dagger of speed!
You die...

#.)#≈~~~#
#.........
#..#≈≈~~#
#.........
#..#≈~~~#
#.........
#..##~~##
#.........
##..#~~#
#.........
#####
#..##~#
#.........
....#
##..# #
#.#.#.....
....# #..#
..#.#.....
....# #@.#
###.# ...
....# #K)#
.# ..
....# #..#
....#
##..#
....# #..#
....#
##..#
....# ..##
....# ..#
....# .##


You could see a kobold brigand (berserk).

Vanquished Creatures
  Sigmund (D:2)
  A hound (D:3)
  Crazy Yiuf (D:2)
  Robin (D:2)
  A worm (D:2)
  A dart slug (D:2)
  2 orcs (D:3)
  9 ball pythons
  5 endoplasms
  5 goblins
  5 hobgoblins
  6 kobolds
  3 quokkas
  4 bats
  2 frilled lizards
  4 rats
51 creatures vanquished.

Vanquished Creatures (collateral kills)
  An endoplasm (D:2)
  A goblin (D:2)
  2 hobgoblins
  2 kobolds (D:3)
6 creatures vanquished.

Vanquished Creatures (others)
  2 ancestors (D:3)
  3 fungi (D:2)
5 creatures vanquished.

Grand Total: 62 creatures vanquished

Notes
Turn   | Place    | Note
-------+----------+-------------------------------------------
     0 | D:1      | xian the Draconian Conjurer began the quest for the Orb.
     0 | D:1      | Reached XP level 1. HP: 14/14 MP: 3/3
   357 | D:1      | Reached XP level 2. HP: 20/20 MP: 0/5
   365 | D:1      | Learned a level 2 spell: Searing Ray
   887 | D:1      | Found a faded altar of an unknown god.
  1205 | D:1      | Prayed at the altar of an unknown god.
  1205 | D:1      | Became a worshipper of Hepliaklqana the Forgotten
  1205 | D:1      | Reached * piety under Hepliaklqana
  1643 | D:2      | Reached XP level 3. HP: 23/23 MP: 3/6
  1710 | D:2      | Noticed Robin
  1715 | D:2      | Killed Robin
  1920 | D:2      | Noticed Sigmund
  1925 | D:2      | Killed Sigmund
  1926 | D:2      | Reached skill level 5 in Conjurations
  1926 | D:2      | Reached XP level 4. HP: 29/29 MP: 1/8
  1926 | D:2      | Reached XP level 5. HP: 34/34 MP: 1/9
  2060 | D:2      | Found a runed translucent door.
  2061 | D:2      | Noticed Crazy Yiuf
  2149 | D:2      | Found a bloodstained altar of Trog.
  2398 | D:2      | Reached skill level 6 in Conjurations
  2621 | D:2      | Killed Crazy Yiuf
  2759 | D:3      | Found the +4 Cigotuvi's embrace {rMiasma Drain rN+}
  2868 | D:3      | Found an iron altar of Okawaru.
  2953 | D:3      | Reached XP level 6. HP: 40/40 MP: 4/10
  3232 | D:3      | Slain by a kobold brigand

Illustrated notes

Levels and vault maps discovered:
D:1:      minmay_arrival_up_and_down, layout_basic, basic_ecumenical_altar,
          chequers_serial_rivers_micro_b
D:2:      layout_basic, basic_altar, uniq_robin, uniq_crazy_yiuf_cottage,
          uniq_sigmund
D:3:      cheibrodos_thug_alley, layout_basic, overflow_temple_1_default

Skill      XL: |  1  2  3  4  5 |
---------------+----------------+-----
Stealth        | 2 |  2.5
Dodging        | 2 |  2.1
Spellcasting   | 3 |  3.3
Conjurations   | 5 6 |  6.3
Short Blades   | |  0.3

Action                   |  1- 3 |  4- 6 || total
-------------------------+-------+-------++-------
Melee: Short sword       |     6 |       ||     6
       Tailslap          |     2 |     1 ||     3
       Quarterstaff      |       |     5 ||     5
 Cast: Magic Dart        |    51 |    30 ||    81
       Searing Ray       |     2 |     4 ||     6
Invok: Ancestor Identity |     1 |       ||     1
Armor: Skin              |     4 |       ||     4
Dodge: Dodged            |     5 |     7 ||    12

Table legend: (Time is in decaauts)
 A = Elapsed time spent in this place.
 B = Non-inter-level travel time spent in this place.
 C = Inter-level travel time spent in this place.
 D = Time resting spent in this place.
 E = Time spent auto-exploring this place.
 F = Levels seen in this place.
 G = Mean time per level.
                   A        B        C        D        E       F      G
               +--------+--------+--------+--------+--------+-----+--------+
         Total |   3232 |   3075 |    157 |      0 |   2740 |   3 | 1077.3 |
       Dungeon |   3232 |   3075 |    157 |      0 |   2740 |   3 | 1077.3 |
               +--------+--------+--------+--------+--------+-----+--------+

Top non-repeatable levels by time:
     D:2: 1522 daAuts
     D:1: 1227 daAuts
     D:3: 482 daAuts
